 Dungeon Crawl Stone Soup version 0.31-a0-1204-ge2c1a860ed (webtiles) character file.

Game seed: 8835750458334668000

144 freelancePsychic the Grave Robber (level 5, -8/36 (39) HPs)
             Began as a Demonspawn Necromancer on Dec 12, 2023.
             Mangled by a hell rat (13 damage)
             ... in a sewer.
             The game lasted 00:05:11 (2943 turns).

freelancePsychic the Grave Robber (DsNe)            Turns: 2943, Time: 00:05:12

HP:   -8/36 (39)    AC:  3    Str:  9    XL:     5   Next: 5%
MP:   9/9           EV: 12    Int: 17    God:
Gold: 108           SH:  0    Dex: 13    Spells: 6/9 levels left

rFire   + . .        f - +0 dagger
rCold   + . .        (no shield)
rNeg    . . .        a - +0 robe
rPois   .            (helmet restricted)
rElec   .            p - scarf {rC+ rF+}
rCorr   +            (no gloves)
SInv    .            (no boots)
Will    .....        (no amulet)
Stlth   +            e - ring of resist corrosion
HPRegen 0.26/turn    (no ring)
MPRegen 0.11/turn

%: no passive effects
@: drained, very slow
A: horns 2, rugged brown scales 1, demonic guardian 1
a: no special abilities


You were in a sewer.
You visited 1 branch of the dungeon, and saw 3 of its levels.
You also visited: Sewer.

You collected 108 gold pieces.

Inventory:

Hand Weapons
 f - a +0 dagger (weapon)
Missiles
 m - a throwing net
Armour
 a - a +0 robe (worn)
 p - a scarf of resistance (worn)
Jewellery
 e - a ring of resist corrosion (left hand)
 j - an amulet of regeneration
Scrolls
 g - a scroll of fog
 h - a scroll of noise {unknown}
 i - a scroll of enchant armour {unknown}
 l - a scroll of teleportation {unknown}
 n - a scroll of amnesia {unknown}
Potions
 k - a potion of enlightenment
 o - a potion of resistance {unknown}
 q - a potion of mutation {unknown}


   Skills:
 + Level 2.1 Fighting
 - Level 1.7 Dodging
 - Level 1.7 Stealth
 + Level 2.9 Spellcasting
 * Level 2.4 Conjurations
 - Level 5.0 Necromancy


You had 6 spell levels left.
You knew the following spells:

 Your Spells              Type           Power      Damage    Failure   Level
a - Necrotise             Necr           76%        1d7       2%          1
b - Searing Ray           Conj           20%        2d5       10%         2

Your spell library contained the following spells:

 Spells                   Type           Power      Damage    Failure   Level
 Magic Dart               Conj           40%        1d5       6%          1
 Vampiric Draining        Necr           19%        2d7       7%          3
 Animate Dead             Necr           19%        N/A       22%         4
 Agony                    Necr           19%        N/A       52%         5
 Fulminant Prism          Conj/Hex       3%         3d5       71%         4


Dungeon Overview and Level Annotations

Branches:
Dungeon (3/15)              Sewer (1/1)

Altars:

Shops:
D:2 (


Innate Abilities, Weirdness & Mutations

You have a pair of horns on your head.
You are partially covered in rugged brown scales. (AC +1, +3% HP)
A weak demonic guardian rushes to your aid.


Message History

You enter the shallow water.
Moving in this stuff is going to be slow.
You see here a river rat corpse.
You enter the shallow water.
Moving in this stuff is going to be slow.
You see here a rat corpse.
You enter the shallow water.
Moving in this stuff is going to be slow.
Okay, then.
As you read the scroll of identify {@r1}, it crumbles to dust.
k - a potion of enlightenment You enter the shallow water.
Moving in this stuff is going to be slow.
You enter the shallow water.
Moving in this stuff is going to be slow.
You enter the shallow water.
Moving in this stuff is going to be slow.
You open the door.
A hell rat comes into view.
The hell rat roars deafeningly!
Found six items.
Found a gate leading back out of this place.
Casting: Necrotise (safe; 2% risk of failure)
Confirm with . or Enter, or press ? or * to list all spells.
Aiming: Searing Ray (safe; 10% risk of failure)
Press: ? - help, Shift-Dir - straight line, f - hell rat
Aim: a hell rat (76% to hit)
The searing ray hits the hell rat!
The hell rat is heavily wounded. (Press . to maintain the ray.)
The searing ray hits the hell rat.
The hell rat is severely wounded.
The searing ray hits the hell rat.
The hell rat is severely wounded.
The hell rat bites you!
You feel drained. The hell rat attacks as it pursues you!
The hell rat bites you!
A demonic guardian appears!
You feel drained.
* * * LOW HITPOINT WARNING * * *
Magic courses through your body. The hell rat bites you!
You die...

###~~.###
#.~~~~..#
##~..~..~##
#~.~###...#
##~.## ##~.##
#~.~# .~#~..#
#~†##~.$##~~#
#.5#.~~!!#~.#
#@r'~~~?∩#∩∩#
#~~#~~~??#.~#
#~†##~.$##~~#
#.~~# .~#~~~#
##.~## ##..##
#~~.###.~~#
##~~.~~.~##
#~.~.~~~#
###~.~###


You could see a hell rat (ally target) and a friendly ufetubus (summoned).

Vanquished Creatures
  Jessica (D:3)
  Robin (D:2)
  2 adders (D:2)
  2 river rats (Sewer)
  A worm (D:3)
  A dart slug (D:2)
  3 endoplasms
  5 giant cockroaches (D:3)
  16 goblins
  4 hobgoblins
  4 quokkas
  3 ball pythons
  3 bats
  2 frilled lizards (D:2)
  6 kobolds
  10 rats
64 creatures vanquished.

Vanquished Creatures (collateral kills)
  A frilled lizard (D:1)
1 creature vanquished.

Grand Total: 65 creatures vanquished

Notes
Turn   | Place    | Note
-------+----------+-------------------------------------------
     0 | D:1      | freelancePsychic the Demonspawn Necromancer began the quest
                  | for the Orb.
     0 | D:1      | Reached XP level 1. HP: 13/13 MP: 3/3
   293 | D:1      | Gained mutation: You are partially covered in rugged brown
                  | scales. (AC +1, +3% HP) [demonic ancestry]
   293 | D:1      | Reached XP level 2. HP: 14/20 MP: 3/5
   689 | D:1      | Reached skill level 1 in Fighting
   841 | D:1      | Found a faded altar of an unknown god.
  1473 | D:2      | Reached skill level 5 in Necromancy
  1496 | D:2      | Gained mutation: You have a pair of small horns on your
                  | head. [demonic ancestry]
  1496 | D:2      | Reached XP level 3. HP: 24/26 MP: 2/6
  1548 | D:2      | Noticed Robin
  1597 | D:2      | Learned a level 2 spell: Searing Ray
  1794 | D:2      | Reached skill level 1 in Conjurations
  1854 | D:2      | Found Xiug's Antique Weapon Boutique.
  1904 | D:2      | Killed Robin
  1905 | D:2      | Gained mutation: You have a pair of horns on your head.
                  | [demonic ancestry]
  1905 | D:2      | Reached XP level 4. HP: 32/32 MP: 2/7
  2516 | D:3      | Noticed Jessica
  2523 | D:3      | Killed Jessica
  2687 | D:3      | Found a glowing drain.
  2728 | Sewer    | Entered a sewer
  2837 | Sewer    | Gained mutation: A weak demonic guardian rushes to your
                  | aid. [demonic ancestry]
  2837 | Sewer    | Reached XP level 5. HP: 21/39 MP: 0/9
  2943 | Sewer    | Mangled by a hell rat

Illustrated notes

Levels and vault maps discovered:
D:1:      dpeg_arrival_rooms_b, layout_loops_corners,
          shapermc_ecumenical_altar_mp_highgroup
D:2:      layout_basic, serial_shops, shop_statue, minmay_tromino_v4_b,
          uniq_robin
D:3:      layout_basic, gup_sewer_entry_pipe, uniq_jessica, uniq_terence
Sewer:    sewer_hellmonk_bad_rat

Skill      XL: |  1  2  3  4 |
---------------+-------------+-----
Fighting       | 1 2 |  2.1
Necromancy     | 5 |  5.0
Conjurations   | 1 2 |  2.4
Dodging        | |  1.7
Stealth        | |  1.7
Spellcasting   | |  2.9

Action                     |  1- 3 |  4- 6 || total
---------------------------+-------+-------++-------
  Melee: Unarmed           |    17 |       ||    17
         Dagger            |    15 |    37 ||    52
         Headbutt          |     3 |     4 ||     7
   Cast: Necrotise         |    65 |    33 ||    98
         Searing Ray       |       |     5 ||     5
    Use: Scroll            |       |     3 ||     3
         Potion            |       |     2 ||     2
 Armour: Robe              |    21 |    39 ||    60
  Dodge: Dodged            |    28 |    28 ||    56

Table legend: (Time is in decaauts)
 A = Elapsed time spent in this place.
 B = Non-inter-level travel time spent in this place.
 C = Inter-level travel time spent in this place.
 D = Time resting spent in this place.
 E = Time spent auto-exploring this place.
 F = Levels seen in this place.
 G = Mean time per level.
                   A        B        C        D        E       F      G
               +--------+--------+--------+--------+--------+-----+--------+
         Total |   2956 |   2818 |    138 |    186 |   2160 |   4 |  739.0 |
       Dungeon |   2730 |   2592 |    138 |    110 |   2088 |   3 |  910.0 |
         Sewer |    225 |    225 |      0 |     76 |     72 |   1 |  225.0 |
               +--------+--------+--------+--------+--------+-----+--------+

Top non-repeatable levels by time:
     D:1: 1382 daAuts
     D:2: 1067 daAuts
     D:3: 281 daAuts
   Sewer: 225 daAuts
